Map: Cerulean Fall LE

Players

Stropheum - Winner!

  • Race: Zerg Zerg
  • League: Master
  • Spawn Location: 7:00

LaughNgamez

  • Race: Protoss Protoss
  • League: Master
  • Spawn Location: 1:00

VOD

Have the link to the VOD?

Description

Time

  • Played on: Nov. 28, 2018, 3:42 p.m.
  • Length: 23:42
Show
View Real Time Build Order
Export as new Build Order

Stropheum Zerg - Winner!

Build Orders: Hatch First 

Get SALT Encoding   

  12  0:01  Drone  
  13  0:12  Overlord  
  13  0:17  Drone  
  14  0:31  Drone x2  
  16  0:51  Hatchery  
  16  0:54  Drone  
  16  0:57  Drone  
  16  1:01  Drone  
  18  1:10  Extractor  
  17  1:18  Spawning Pool  
  17  1:21  Drone  
  17  1:24  Drone  
  18  1:30  Drone  
  19  1:39  Drone  
  20  1:51  Overlord  
  20  2:06  Queen x2  
  20  2:07  Zergling x4  
  26  2:12  Zergling x2  
  27  2:16  Metabolic Boost  
  27  2:19  Zergling x2  
  29  2:22  Zergling x2  
  29  2:30  Zergling x2  
  30  2:44  Queen x2  
  33  3:06  Overlord x2  
  33  3:16  Hatchery  
  30  3:32  Drone x6  
  36  3:36  Spore Crawler  
  35  3:43  Spore Crawler  
  35  3:47  Overlord  
  33  3:56  Drone x3  
  36  4:03  Drone x3  
  39  4:10  Lair  
  39  4:22  Drone x5  
  44  4:34  Roach Warren  
  44  4:35  Overlord  
  44  4:37  Drone x2  
  44  4:38  Drone  
  46  4:47  Drone x5  
  51  5:02  Drone x3  
  51  5:03  Drone x2  
  51  5:05  Spore Crawler  
  55  5:10  Spine Crawler  
  52  5:16  Drone  
  52  5:17  Drone  
  54  5:28  Overlord x2  
  54  5:32  Zergling x2  
  54  5:33  Zergling x10  
  60  5:36  Extractor  
  60  5:40  Evolution Chamber  
  58  5:42  Evolution Chamber  
  57  5:51  Queen x3  
  63  6:00  Drone x10  
  71  6:09  Extractor  
  71  6:10  Drone x3  
  72  6:12  Extractor  
  72  6:16  Drone x7  
  78  6:20  Zerg Missile Weapons Level 1, Zerg Ground Armor Level 1  
  70  6:34  Overlord x2  
  70  6:35  Overlord x3  
  70  6:47  Hydralisk Den  
  70  6:49  Infestation Pit  
  68  6:57  Drone  
  68  6:58  Drone x7  
  76  7:03  Drone x4  
  80  7:11  Hatchery  
  79  7:18  Drone x9  
  79  7:21  Grooved Spines  
  88  7:24  Glial Reconstitution  
  88  7:28  Extractor  
  88  7:29  Extractor  
  84  7:37  Hydralisk x2  
  84  7:41  Overlord x4  
  88  7:48  Queen x3  
  94  8:00  Overlord x2  
  94  8:07  Hydralisk x5  
  102  8:14  Overlord x4  
  102  8:26  Hive  
  102  8:29  Spore Crawler  
  102  8:30  Drone x7  
  102  8:31  Drone x2  
  102  8:32  Muscular Augments  
  110  8:34  Extractor x2  
  110  8:35  Zerg Missile Weapons Level 2  
  103  8:49  Drone x8  
  111  8:57  Drone  
  111  8:58  Drone x7  
  119  9:07  Zerg Ground Armor Level 2  
  119  9:10  Hydralisk x3  
  125  9:20  Hydralisk x2  
  125  9:21  Hydralisk x3  
  135  9:28  Hatchery  
  135  9:29  Spore Crawler  
  133  9:32  Extractor  
  133  9:33  Spore Crawler  
  133  9:35  Extractor, Spore Crawler  
  129  9:43  Spire  
  129  9:44  Overlord  
  129  9:45  Overlord  
  128  9:46  Drone x4  
  132  9:53  Hydralisk x8  
  132  9:55  Zergling x2  
  132  9:58  Overseer x2  
  149  10:05  Lurker Den  
  149  10:16  Hatchery  
  148  10:28  Overlord x2  
  148  10:54  Pneumatized Carapace  
  148  10:59  Corruptor, Greater Spire  
  148  11:00  Corruptor x7  
  164  11:06  Pathogen Glands  
  159  11:13  Queen x3  
  163  11:22  Zerg Missile Weapons Level 3  
  163  11:25  Overseer  
  163  11:36  Queen  
  165  11:49  Queen x3, Zerg Ground Armor Level 3  
  165  11:50  Queen  
  172  12:03  Neural Parasite  
  172  12:07  Drone x5  
  174  12:12  Queen  
  176  12:21  Zerg Flyer Weapons Level 1  
  176  12:24  Queen  
  176  12:25  Overseer x2, Queen x3  
  184  12:40  Infestor x7  
  184  12:42  Infestor  
  200  12:53  Spore Crawler  
  199  12:59  Spore Crawler  
  199  13:02  Spore Crawler  
  199  13:04  Spore Crawler, Burrow  
  199  13:05  Spore Crawler x2  
  194  13:06  Spore Crawler  
  194  13:07  Spore Crawler x2  
  194  13:08  Spore Crawler  
  190  13:19  Spire  
  189  13:32  Infestor x5  
  189  13:33  Infestor  
  199  14:02  Spore Crawler x2  
  198  14:03  Drone x5, Spore Crawler x2  
  198  14:04  Drone, Spore Crawler x2  
  198  14:05  Drone x2, Spore Crawler  
  200  14:13  Spore Crawler x2  
  200  14:14  Spore Crawler  
  200  14:15  Drone x5, Spore Crawler x2  
  200  14:16  Drone x2, Spore Crawler x2  
  200  14:27  Zerg Melee Weapons Level 1  
  200  14:30  Zerg Flyer Armor Level 1  
  200  14:31  Zerg Flyer Weapons Level 2  
  200  15:28  Overseer x5  
  200  15:41  Infestor x12  
  200  15:53  Drone, Spore Crawler x2  
  200  15:54  Drone  
  200  15:55  Drone, Spore Crawler  
  200  15:56  Drone x2, Spore Crawler x3  
  200  15:57  Drone x2, Spore Crawler x2  
  200  15:58  Drone  
  140  16:40  Hydralisk x8  
  140  16:41  Hydralisk x14  
  178  16:59  Infestor x4  
  186  17:09  Overseer x2  
  186  17:15  Hydralisk x7  
  200  18:04  Hatchery  
  200  18:05  Extractor, Spore Crawler  
  197  18:07  Spine Crawler  
  197  18:08  Extractor  
  195  18:22  Hatchery  
  195  18:23  Extractor, Spine Crawler  
  195  18:24  Spore Crawler  
  195  18:25  Extractor  
  190  18:35  Drone x10  
  200  18:57  Spore Crawler x3  
  200  18:58  Spore Crawler x2  
  200  18:59  Spore Crawler  
  194  19:19  Infestor x3  
  198  19:32  Overseer x7  
  160  20:18  Spore Crawler  
  160  20:19  Spine Crawler  
  160  20:20  Infestor  
  160  20:21  Infestor x7  
  154  20:22  Hydralisk x7  
  176  20:42  Queen x4  
  172  20:43  Queen  
  172  20:44  Hydralisk x9  
  200  21:18  Extractor x2, Queen  
  199  21:20  Spine Crawler  
  199  21:22  Spine Crawler x2  
  199  21:24  Spine Crawler  
  199  21:25  Spine Crawler  
  193  21:46  Spine Crawler  
  192  21:47  Spine Crawler  
  191  21:57  Spine Crawler  
  191  21:58  Spine Crawler  
  191  21:59  Spine Crawler  
  188  22:01  Spine Crawler  
  188  22:07  Drone x11  
  197  22:20  Hydralisk  
  175  22:43  Hydralisk x7  
  175  22:44  Hydralisk x9  
  199  23:01  Infestor  
  199  23:22  Drone  
  200  23:29  Overseer x4  
Show
View Real Time Build Order
Export as new Build Order

LaughNgamez Protoss 

Build Orders: Phoenix Opening, Carriers 

Get SALT Encoding   

  12  0:00  Probe  
  13  0:13  Probe  
  14  0:20  Pylon  
  14  0:22  Probe  
  15  0:34  Probe  
  15  0:39  Gateway  
  16  0:44  Assimilator  
  16  0:48  Probe  
  17  1:00  Probe  
  18  1:11  Gateway  
  18  1:12  Probe  
  19  1:24  Probe  
  20  1:29  Cybernetics Core  
  20  1:34  Pylon  
  20  1:37  Probe  
  21  1:45  Assimilator  
  21  1:49  Probe  
  22  1:58  Adept x2  
  22  2:01  Probe  
  27  2:21  Stargate  
  27  2:29  Adept  
  30  2:30  Adept  
  31  2:51  Nexus  
  31  3:03  Pylon  
  31  3:06  Warp Gate  
  31  3:22  Probe  
  28  3:29  Phoenix  
  28  3:30  Probe  
  30  3:40  Probe  
  31  3:45  Stargate  
  32  3:52  Probe  
  33  3:59  Probe  
  33  4:00  Oracle  
  36  4:04  Probe  
  36  4:07  Probe  
  38  4:13  Probe  
  40  4:17  Probe  
  40  4:22  Probe  
  41  4:29  Probe  
  41  4:30  Phoenix, Probe  
  45  4:36  Assimilator  
  45  4:37  Phoenix  
  45  4:38  Assimilator  
  48  4:41  Probe  
  49  4:50  Probe  
  50  4:53  Probe  
  50  4:55  Phoenix  
  50  4:58  Pylon  
  53  5:02  Probe  
  54  5:07  Pylon  
  54  5:13  Probe x2  
  54  5:17  Phoenix  
  54  5:20  Phoenix  
  60  5:21  Probe  
  60  5:22  Probe  
  62  5:30  Probe  
  62  5:31  Adept x2  
  67  5:37  Probe  
  67  5:42  Phoenix  
  70  6:37  Nexus  
  70  6:38  Fleet Beacon  
  70  6:40  Pylon  
  70  6:41  Pylon  
  70  6:54  Pylon  
  70  6:58  Phoenix x2, Probe x2  
  76  7:04  Stargate  
  76  7:07  Probe  
  76  7:11  Assimilator, Probe  
  76  7:15  Probe, Assimilator  
  78  7:17  Shield Battery  
  78  7:18  Shield Battery  
  78  7:20  Phoenix  
  78  7:22  Sentry x2  
  83  7:23  Probe, Oracle  
  83  7:25  Probe  
  90  7:31  Carrier  
  90  7:35  Probe  
  90  7:36  Carrier  
  91  7:37  Probe  
  92  7:47  Probe  
  92  7:49  Pylon, Probe  
  92  7:51  Probe, Forge  
  107  7:59  Probe  
  107  8:01  Probe  
  109  8:07  Probe  
  110  8:23  Carrier  
  116  8:34  Photon Cannon  
  116  8:35  Photon Cannon  
  116  8:36  Photon Cannon  
  116  8:42  Pylon  
  114  8:51  Carrier  
  114  8:56  Pylon  
  114  8:58  Photon Cannon  
  120  9:04  Carrier  
  120  9:10  Probe x2  
  120  9:11  Probe  
  120  9:12  Photon Cannon  
  120  9:13  Photon Cannon  
  120  9:14  Protoss Air Weapons Level 1  
  120  9:15  Photon Cannon  
  120  9:16  Shield Battery  
  129  9:18  Shield Battery  
  129  9:22  Probe  
  130  9:42  Pylon  
  130  9:43  Pylon  
  130  9:44  Pylon  
  130  10:00  Photon Cannon, Carrier  
  130  10:01  Photon Cannon, Carrier  
  130  10:02  Shield Battery  
  142  10:11  Carrier  
  142  10:13  Twilight Council  
  148  10:31  Nexus  
  148  10:35  Probe x2, Pylon  
  150  10:36  Pylon  
  150  10:41  Assimilator  
  150  10:45  Assimilator  
  150  10:47  Probe  
  150  10:48  Probe x2  
  153  10:56  Carrier  
  153  10:57  Photon Cannon  
  153  10:59  Photon Cannon, Probe  
  153  11:01  Shield Battery  
  153  11:03  Shield Battery  
  154  11:04  Carrier  
  154  11:06  Photon Cannon  
  166  11:20  Protoss Air Weapons Level 2  
  166  11:24  Templar Archives  
  166  11:26  Gateway, Probe x2  
  168  11:33  Carrier  
  168  11:37  Probe  
  168  11:38  Probe x2  
  177  11:54  Pylon  
  177  11:55  Probe  
  177  11:56  Probe  
  177  12:00  Psionic Storm  
  179  12:03  Protoss Shields Level 1  
  177  12:12  High Templar  
  177  12:13  High Templar  
  177  12:14  Mothership  
  177  12:15  Probe x2  
  182  12:20  Photon Cannon  
  183  12:25  Photon Cannon  
  183  12:27  Photon Cannon  
  183  12:28  Photon Cannon  
  183  12:30  Shield Battery  
  183  12:32  Shield Battery  
  183  12:36  Photon Cannon, Cybernetics Core  
  183  12:41  High Templar  
  193  12:45  High Templar  
  193  12:50  Pylon  
  195  12:52  Pylon  
  195  12:54  Robotics Facility  
  195  12:56  Dark Shrine  
  195  13:12  Protoss Air Armor Level 1  
  195  13:22  Carrier  
  195  13:23  Protoss Air Weapons Level 3  
  193  13:32  Carrier  
  185  13:53  Observer  
  185  13:54  Charge  
  186  14:00  Carrier  
  186  14:01  Protoss Shields Level 2  
  192  14:26  Carrier  
  198  15:17  Observer  
  199  15:29  Protoss Air Armor Level 2  
  199  15:45  Observer  
  193  16:36  Carrier x2  
  193  16:38  Archon  
  185  16:46  Carrier  
  190  16:47  High Templar x2  
  190  16:49  High Templar  
  166  17:06  Nexus  
  166  17:07  Protoss Shields Level 3  
  166  17:08  Pylon  
  166  17:10  Pylon  
  166  17:11  Pylon  
  166  17:13  Pylon  
  166  17:18  Gateway  
  166  17:21  Gateway  
  166  17:23  Gateway  
  166  17:26  Pylon  
  166  17:29  Pylon  
  166  17:31  Pylon  
  166  17:32  Photon Cannon  
  166  17:33  Photon Cannon  
  166  17:34  Photon Cannon  
  166  17:35  Photon Cannon  
  166  17:37  Photon Cannon  
  166  17:39  Photon Cannon x2  
  166  17:40  Carrier x2  
  178  17:45  Photon Cannon  
  178  17:47  Photon Cannon, Shield Battery  
  178  17:50  Shield Battery, Carrier  
  184  17:54  Stargate  
  184  17:55  Shield Battery  
  184  17:57  Shield Battery  
  184  17:59  Stargate, Blink  
  184  18:03  Photon Cannon  
  184  18:04  Photon Cannon  
  184  18:05  Photon Cannon  
  184  18:08  Pylon  
  184  18:11  High Templar  
  184  18:12  High Templar x2  
  190  18:13  Assimilator  
  190  18:17  Assimilator  
  190  18:41  Gateway  
  190  18:42  Carrier  
  190  18:43  Gateway x2  
  190  18:46  Gateway  
  190  18:48  Gateway  
  196  18:50  Gateway  
  196  18:52  Gateway  
  196  18:53  Gateway  
  196  19:20  Photon Cannon  
  196  19:22  Photon Cannon  
  196  19:25  Photon Cannon  
  196  19:27  Shield Battery  
  196  19:29  Shield Battery  
  196  19:31  Shield Battery  
  196  19:34  Protoss Ground Weapons Level 1  
  165  20:24  Tempest, Carrier x4  
  168  20:30  High Templar x2  
  168  20:31  High Templar x4  
  162  20:39  Archon x3  
  162  20:42  Observer  
  157  21:02  Zealot  
  157  21:03  Observer, Zealot x3  
  166  21:07  Tempest  
  171  21:16  High Templar x3  
  171  21:17  High Templar  
  177  21:26  Protoss Ground Armor Level 1  
  177  21:27  Tempest  
  177  21:28  Carrier x2, Oracle  
  177  21:29  Zealot  
  193  21:42  High Templar x3  
  135  23:03  Observer  
  134  23:06  Zealot x5  
  134  23:07  Zealot x5  
  134  23:08  Zealot x2  
  159  23:14  Zealot x2  
  163  23:26  Zealot x2  
  167  23:27  Zealot x3  
  167  23:28  Zealot x5  
  167  23:29  Zealot x2  
Tags
 
Add a new tag
Caveats
  • Supply blocks, unpowered buildings, or Contaminate may cause inaccurate times.
  • Supply counts are checked every 10 seconds.